 Dungeon Crawl Stone Soup version 0.19-a0-1170-g18f0c96 (webtiles) character file.

5949 amanita the Carver (level 10, -23/49 HPs)
             Began as a Vine Stalker Gladiator on Aug 16, 2016.
             Was a Priest of Uskayaw.
             Annihilated by a hill giant
             ... wielding a +0 giant club
              (24 damage)
             ... on level 11 of the Dungeon.
             The game lasted 00:45:15 (3414 turns).

amanita the Carver (Vine Stalker Gladiator)         Turns: 3414, Time: 00:45:16

Health: -23/49     AC: 14    Str: 15    XL:     10   Next: 84%
Magic:  0/15       EV:  8    Int: 10    God:    Uskayaw [***...]
Gold:   284        SH:  0    Dex: 24    Spells: 0 memorised, 9 levels left

rFire  + + .     SeeInvis +     a - +6 long sword "Vine's Doom" {slice, rF++ MR++ Int+2}
rCold  . . .     Gourm    +     C - +0 chain mail (curse)
rNeg   + + .     Faith    .     (no shield)
rPois  .         Spirit   +     I - +1 helmet {SInv}
rElec  +         Dismiss  .     (no cloak)
rCorr  .         Reflect  .     E - +0 pair of gloves
MR     ++++.     Harm     .     O - +1 pair of boots {Fly}
Stlth  ..........               o - amulet of the gourmand
                                R - ring "Vask" {rN++ MR+ Str-4 Dex+7}
                                l - ring "Leygas" {+Fly rElec}

@: lethally poisoned (-23 -> -24)
A: fangs 3, regeneration 2, magic shield, antimagic bite, no device heal 3, rot
immunity
a: Stomp, Line Pass, Renounce Religion, Evoke Flight


You were on level 11 of the Dungeon.
You worshipped Uskayaw.
Uskayaw was noncommittal.
You were not hungry.

You visited 2 branches of the dungeon, and saw 13 of its levels.
You also visited: Sewer.

You collected 284 gold pieces.

Inventory:

Hand Weapons
 a - the +6 long sword "Vine's Doom" (weapon) {slice, rF++ MR++ Int+2}
   (You found it on level 6 of the Dungeon)

   It inflicts extra damage upon your enemies.
   It affects your intelligence (+2).
   It greatly protects you from fire.
   It affects your resistance to hostile enchantments.
 A - a +2 dagger of venom
 D - a +0 long sword
Missiles
 t - 17 poisoned needles
 u - 5 curare-tipped needles
 F - 8 poisoned javelins (quivered)
Armour
 b - a +0 leather armour
 c - a +0 helmet
 j - a +0 scale mail
 C - a cursed +0 chain mail (worn)
 E - a +0 pair of gloves (worn)
 I - a +1 helmet of see invisible (worn)
 O - a +1 pair of boots of flying (worn)
Jewellery
 l - the ring "Leygas" (left hand) {+Fly rElec}
   (You found it on level 9 of the Dungeon)

   [ring of flight]

   It insulates you from electricity.
   It lets you fly.
 o - an amulet of the gourmand (around neck)
 s - a +2 ring of dexterity
 R - the ring "Vask" (right hand) {rN++ MR+ Str-4 Dex+7}
   (You found it on level 8 of the Dungeon)

   [ring of protection from magic]

   It affects your strength (-4).
   It affects your dexterity (+7).
   It greatly protects you from negative energy.
   It affects your resistance to hostile enchantments.
Wands
 x - a wand of iceblast (0/15)
 y - a wand of disintegration (8/24)
 K - a wand of enslavement (4/24)
 L - a wand of digging (8/24)
 S - a wand of lightning (6/15)
 U - a wand of acid (7/15)
Scrolls
 e - 2 scrolls of fog
 g - a scroll of teleportation
 z - a scroll of blinking
 H - 2 scrolls of fear
 N - a scroll of random uselessness
 P - a scroll of remove curse
 V - a scroll of identify
Potions
 d - 2 potions of degeneration
 h - 2 potions of heal wounds
 m - a potion of resistance
 n - a potion of cure mutation
 p - a potion of magic {unknown}
 q - 4 potions of curing
 r - 3 potions of brilliance
 v - 2 potions of flight
 G - a potion of might {unknown}
 Q - a potion of haste {unknown}
 T - a potion of mutation {unknown}
Books
 w - a book of Death

   Spells                             Type                      Level
   a - Corpse Rot                     Necromancy                   2
   b - Sublimation of Blood           Necromancy                   2
   c - Agony                          Necromancy                   5
   d - Dispel Undead                  Necromancy                   5
   e - Excruciating Wounds            Charms/Necromancy            5
   f - Bolt of Draining               Conjuration/Necromancy       5
 B - a book of Annihilations

   Spells                             Type                      Level
   a - Poison Arrow                   Conjuration/Poison           6
   b - Chain Lightning                Conjuration/Air              8
   c - Lehudib's Crystal Spear        Conjuration/Earth            8
   d - Glaciate                       Conjuration/Ice              9
   e - Fire Storm                     Conjuration/Fire             9
 J - a book of Frost

   Spells                             Type                      Level
   a - Freeze                         Ice                          1
   b - Throw Frost                    Conjuration/Ice              2
   c - Ozocubu's Armour               Charms/Ice                   3
   d - Throw Icicle                   Conjuration/Ice              4
   e - Summon Ice Beast               Ice/Summoning                4
Comestibles
 f - 9 bread rations
 i - 3 meat rations
 k - 7 slices of pizza
 M - 3 beef jerkies


   Skills:
 - Level 3.0 Fighting
 * Level 12.4 Long Blades
 - Level 1.7 Throwing
 - Level 4.0 Armour
 - Level 2.4 Dodging
 + Level 6.0 Invocations


You had 9 spell levels left.
You didn't know any spells.

Dungeon Overview and Level Annotations

Branches:
Dungeon (12/15)            Temple (1/1) D:6            Lair (0/6) D:8
    Orc (0/2) D:10

Altars:
Ashenzari
Dithmenos
Fedhas
Nemelex Xobeh
Qazlal
Uskayaw
Vehumet
Xom
Zin


Innate Abilities, Weirdness & Mutations

You have razor-sharp teeth.
You heal very quickly.
When hurt, damage is shared between your health and your magic reserves.
Your bite disrupts and absorbs the magic of your enemies.
Potions and wands cannot restore your health.
You are immune to rotting.


Message History

You hit the hill giant. You bite the hill giant. You drain its power.
You feel invigorated.
The hill giant is moderately wounded.
Uskayaw will force your foes to helplessly watch your dance.
You hit the hill giant. Your bite misses the hill giant.
The hill giant is moderately wounded.
You feel sick.
The hill giant seems less confused.
The hill giant hits you with a giant club!
You hit the hill giant.
The hill giant is heavily wounded.
You barely miss the hill giant. You bite the hill giant! You drain its power.
You feel invigorated.
The hill giant is severely wounded.
You feel sick.
The hill giant hits you with a giant club!!!
* * * LOW HITPOINT WARNING * * *
You slash the hill giant!
The hill giant is almost dead.
The hill giant hits you with a giant club!!
You die...

#####.#
#@C...#
#)##### #.#
#)# #.# #)#
#.# #.#..
#######.#.#


You could see a hill giant.

Vanquished Creatures
  A hydra (D:9)
  2 hill giants
  An unseen horror (D:9)
  A gargoyle (D:9)
  Prince Ribbit (D:7)
  A basilisk (D:9)
  2 hogs (D:7)
  A human (D:7)
  2 wargs (D:8)
  A water moccasin (D:9)
  A sky beast (D:10)
  An orc warrior (D:7)
  2 ice beasts
  A phantom (D:8)
  2 ogres
  A crocodile (D:7)
  A big kobold (D:7)
  8 giant frogs
  A water moccasin skeleton (D:8)
  4 wights (D:11)
  A howler monkey (D:8)
  A lava snake (D:8)
  2 orc priests (D:8)
  Terence (D:2)
  3 iguanas
  5 orc wizards
  3 worker ants
  2 sheep (D:7)
  3 gnolls (D:11)
  2 howler monkey skeletons
  16 adders
  3 shadow imps
  9 oozes
  An adder skeleton (D:6)
  A dart slug (D:2)
  17 giant geckos
  19 orcs
  16 giant cockroaches
  2 goblins
  5 hobgoblins
  3 jackals (D:2)
  2 quokkas
  7 ball pythons
  2 bats (D:3)
  13 giant newts
  A jackal zombie (D:5)
  5 kobolds
  6 rats
186 creatures vanquished.

Notes
Turn   | Place    | Note
-------+----------+-------------------------------------------
     0 | D:1      | amanita the Vine Stalker Gladiator began the quest for the Orb.
     0 | D:1      | Reached XP level 1. HP: 11/11 MP: 2/2
   126 | D:1      | Reached skill level 3 in Long Blades
   158 | D:2      | Reached XP level 2. HP: 13/15 MP: 3/3
   233 | D:2      | Reached XP level 3. HP: 18/18 MP: 4/4
   262 | D:2      | Noticed Terence
   270 | D:2      | Killed Terence
   270 | D:2      | Reached skill level 4 in Long Blades
   270 | D:2      | Reached XP level 4. HP: 12/23 MP: 2/5
   558 | D:3      | Reached skill level 5 in Long Blades
   592 | D:3      | Reached XP level 5. HP: 26/26 MP: 6/6
   669 | D:3      | Found a blossoming altar of Fedhas.
   680 | D:3      | Found a shimmering altar of Xom.
  1022 | D:5      | Entered Level 5 of the Dungeon
  1147 | D:5      | Reached skill level 6 in Long Blades
  1147 | D:5      | Gained mutation: You heal very quickly. [Vine Stalker growth]
  1147 | D:5      | Reached XP level 6. HP: 25/30 MP: 7/7
  1374 | D:6      | Reached XP level 7. HP: 35/35 MP: 8/8
  1394 | D:6      | Found a glowing drain.
  1413 | D:6      | Got a jewelled long sword
  1422 | Sewer    | Entered a sewer
  1423 | Sewer    | Identified the +6 long sword "Vine's Doom" {slice, rF++ MR++ Int+2} (You found it on level 6 of the Dungeon)
  1555 | Sewer    | Reached skill level 7 in Long Blades
  1845 | D:6      | Reached skill level 1 in Armour
  1983 | D:7      | Found a sparkling altar of Nemelex Xobeh.
  1983 | D:7      | Found a shadowy altar of Dithmenos.
  2008 | D:7      | Found a shattered altar of Ashenzari.
  2009 | D:7      | Noticed Prince Ribbit
  2013 | D:7      | Killed Prince Ribbit
  2013 | D:7      | Reached skill level 8 in Long Blades
  2013 | D:7      | Gained mutation: You have razor-sharp teeth. [Vine Stalker growth]
  2013 | D:7      | Reached XP level 8. HP: 35/40 MP: 7/9
  2314 | D:7      | Reached skill level 9 in Long Blades
  2327 | D:7      | Reached XP level 9. HP: 40/44 MP: 8/10
  2577 | D:6      | Found a staircase to the Ecumenical Temple.
  2587 | Temple   | Entered the Ecumenical Temple
  2600 | Temple   | Became a worshipper of Uskayaw the Reveler
  2666 | D:8      | Reached * piety under Uskayaw
  2720 | D:8      | Found a staircase to the Lair.
  2720 | D:8      | Noticed a hill giant
  2737 | D:8      | Reached ** piety under Uskayaw
  2740 | D:8      | Reached skill level 10 in Long Blades
  2741 | D:8      | Reached *** piety under Uskayaw
  2743 | D:8      | Reached skill level 1 in Invocations
  2745 | D:8      | Reached **** piety under Uskayaw
  2747 | D:8      | Reached ***** piety under Uskayaw
  2751 | D:8      | Killed a hill giant
  2752 | D:8      | HP: 1/44 [warg (11)]
  2757 | D:8      | HP: 1/44 [warg (2)]
  2757 | D:8      | Reached ****** piety under Uskayaw
  2985 | D:8      | Got a shimmering lapis lazuli ring
  2986 | D:8      | Identified the ring "Vask" {rN++ MR+ Str-4 Dex+7} (You found it on level 8 of the Dungeon)
  3011 | D:9      | Noticed a gargoyle
  3031 | D:9      | Killed a gargoyle
  3031 | D:9      | Reached skill level 11 in Long Blades
  3031 | D:9      | Reached XP level 10. HP: 27/49 MP: 11/14
  3047 | D:9      | Noticed an unseen horror
  3063 | D:9      | Killed an unseen horror
  3068 | D:9      | Noticed a five-headed hydra
  3084 | D:9      | Killed a five-headed hydra
  3084 | D:9      | Reached skill level 5 in Invocations
  3092 | D:9      | Got a scorched turquoise ring
  3094 | D:9      | Identified the ring "Leygas" {+Fly rElec} (You found it on level 9 of the Dungeon)
  3123 | D:10     | Entered Level 10 of the Dungeon
  3132 | D:9      | Reached skill level 12 in Long Blades
  3200 | D:10     | Found a staircase to the Orcish Mines.
  3298 | D:11     | Noticed a hill giant
  3307 | D:11     | Killed a hill giant
  3403 | D:11     | Noticed a hill giant
  3413 | D:11     | HP: 1/49 [hill giant/giant club (22)]
  3414 | D:11     | Annihilated by a hill giant

Vault maps used:
D:1:      dpeg_arrival_prison
D:2:      first_bread, uniq_terence
D:3:      overflow_temple_1_default, marbit_many_paths,
          grunt_ashenzari_visionary
D:4:      kennysheep_little_box
D:6:      portal_sewer_entry_a
D:7:      gammafunk_temple_overflow_wave, basic_altar, minmay_misc_feat_tower,
          minmay_misc_feat_columns, grunt_livestock, uniq_prince_ribbit1
D:8:      erik_lair_orcish_takeover, kennysheep_small_spiral
D:9:      minmay_cut_squares, lemuel_round_altar
D:10:     orc_0_dummy
D:11:     hex_large, lemuel_mausoleum_altar_yredelemnul
Temple:   eino_temple_scatter_basement
Sewer:    sewer_frog_island_02

Skill      XL: |  1  2  3  4  5  6  7  8  9 10 |
---------------+-------------------------------+-----
Long Blades    | 3 4 5 6 8 9 11 12 | 12.4
Fighting       | 2 3 |  3.0
Armour         | 2 3 4 |  4.0
Invocations    | 4 6 |  6.0
Throwing       | |  1.7
Dodging        | |  2.4

Action                   |  1- 3 |  4- 6 |  7- 9 | 10-12 || total
-------------------------+-------+-------+-------+-------++-------
Melee: Long sword        |    52 |   187 |   259 |    65 ||   563
       Bite              |    13 |    58 |    71 |    31 ||   173
       Dagger            |       |       |       |     5 ||     5
Throw: Throwing net      |     6 |     4 |     2 |       ||    12
       Javelin           |       |       |       |     5 ||     5
Invok: Stomp             |       |       |     1 |       ||     1
       Line Pass         |       |       |       |     2 ||     2
 Abil: Stop Flying       |       |       |     1 |       ||     1
Evoke: Wand              |       |     1 |     7 |       ||     8
  Use: Scroll            |       |    10 |     6 |     2 ||    18
       Potion            |       |       |     2 |     1 ||     3
 Stab: Paralysed         |       |       |     6 |     4 ||    10
       Distracted        |       |       |     1 |       ||     1
       Held in net/web   |       |       |     1 |       ||     1
       Invisible         |       |       |       |     2 ||     2
       Confused          |       |       |       |     1 ||     1
  Eat: Chunk             |       |     3 |     6 |     4 ||    13
Armor: Leather armour    |    14 |       |       |       ||    14
       Scale mail        |       |    67 |       |       ||    67
       Chain mail        |       |       |    92 |    19 ||   111
       Skin              |       |       |    16 |       ||    16
Dodge: Dodged            |    25 |    93 |    87 |    22 ||   227
